 Dungeon Crawl Stone Soup version 0.21.1-68-g103a7af (webtiles) character file.

795 goulibeur the Distorting Demonspawn (level 7, -5/55 HPs)
             Began as a Demonspawn Abyssal Knight on Aug 1, 2018.
             Was a Believer of Lugonu.
             Killed from afar by an electric eel (12 damage)
             ... with a bolt of electricity
             ... on level 6 of the Dungeon.
             The game lasted 00:17:32 (5407 turns).

goulibeur the Distorting Demonspawn (DsAK)          Turns: 5407, Time: 00:17:33

Health: -5/55      AC: 15    Str: 12    XL:     7   Next: 58%
Magic:  12/12      EV:  6    Int: 14    God:    Lugonu [**....]
Gold:   245        SH:  8    Dex: 17    Spells: 6/6 levels left

rFire    + . .     SeeInvis .   a - +2 short sword
rCold    . . .     Gourm    .   k - +0 buckler
rNeg     . . .     Faith    .   m - +0 chain mail
rPois    .         Spirit   .   (no helmet)
rElec    .         Reflect  +   o - +0 cloak
rCorr    .         Harm     .   (no gloves)
MR       .....                  f - +2 pair of boots
Stlth    ..........             n - +3 amulet of reflection
HPRegen  0.18/turn              j - ring of fire
MPRegen  0.13/turn              s - +3 ring of dexterity

@: no status effects
A: yellow scales 1, cold resistance 1, demonic guardian 1
a: Depart the Abyss, Bend Space, Renounce Religion


You were on level 6 of the Dungeon.
You worshipped Lugonu.
Lugonu was pleased with you.
You were not hungry.

You visited 1 branch of the dungeon, and saw 6 of its levels.
You visited the Abyss 1 time.

You collected 278 gold pieces.
You spent 33 gold pieces at shops.

Inventory:

Hand Weapons
 a - a +2 short sword (weapon)
Armour
 b - a +0 leather armour
 f - a +2 pair of boots (worn)
 k - a +0 buckler (worn)
 m - a +0 chain mail (worn)
 o - a +0 cloak (worn)
Jewellery
 j - a ring of fire (left hand)
 n - a +3 amulet of reflection (around neck)
 q - an uncursed amulet of faith {unknown}
 s - a +3 ring of dexterity (right hand)
 C - an uncursed ring of ice
Scrolls
 e - 3 scrolls of teleportation
 h - 3 scrolls of remove curse
 l - a scroll of identify
 t - a scroll of magic mapping
 v - 2 scrolls of enchant armour
 y - 2 scrolls of fear
Potions
 d - 2 potions of lignification
 g - a potion of ambrosia
 i - a potion of haste {unknown}
 p - 3 potions of agility {unknown}
 r - a potion of cancellation {unknown}
 z - 2 potions of curing
 A - 3 potions of heal wounds
 B - a potion of flight {unknown}
 D - a potion of might {unknown}
 E - a potion of brilliance
Books
 u - a book of Minor Magic

   Spells                             Type                      Level
   a - Magic Dart                     Conjuration                  1
   b - Blink                          Translocation                2
   c - Call Imp                       Summoning                    2
   d - Slow                           Hexes                        2
   e - Conjure Flame                  Conjuration/Fire             3
   f - Mephitic Cloud                 Conjuration/Poison/Air       3
Comestibles
 c - 13 rations
 w - a chunk of flesh


   Skills:
 + Level 4.6 Fighting
 - Level 1.7 Short Blades
 + Level 3.6 Armour
 + Level 3.1 Dodging
 + Level 2.5 Shields
 * Level 6.9 Invocations


You had 6 spell levels left.
You didn't know any spells.

Dungeon Overview and Level Annotations

Branches:
Dungeon (6/15)
 Temple: D:4-7

Altars:
Dithmenos
Okawaru
The Shining One

Shops:
D:4 *

Annotations:
D:5 Sigmund


Innate Abilities, Weirdness & Mutations

You are partially covered in yellow scales. (AC +2)
Your flesh is cold resistant. (rC+)
A weak demonic guardian rushes to your aid.


Message History

You hear a shout!
Your quasit bites the dart slug but does no damage.
Your quasit claws the dart slug.
The dart slug dies!
Lugonu accepts your kill.
The electric eel shoots out a bolt of lightning at you!
The bolt of electricity hits your white imp.
Your white imp dies!
The bolt of electricity hits you!
* * * LOW HITPOINT WARNING * * *
The electric eel shoots out a bolt of lightning at you!
The bolt of electricity hits you!
* * * LOW HITPOINT WARNING * * *
You hear a shout!
Found a runed chain mail.
The electric eel shoots out a bolt of lightning at you!
The bolt of electricity hits the dart slug.
The dart slug dies!
The bolt of electricity hits you!
You die...

###....#≈≈5≈≈≈≈≈≈
#.....#.≈≈≈≈≈#≈≈≈
#.#..##≈≈≈≈≈≈≈≈≈#
#.##.##≈≈≈.≈≈≈≈≈#
# #..≈≈≈=≈≈≈...≈
#...;≈...8(<.. #
#..≈≈≈..≈≈.?.≈
#.##..≈≈≈≈≈≈#≈≈≈≈
#..@..##≈≈≈#≈≈≈≈#
####....≈≈≈≈≈≈≈≈≈
#...#≈≈≈≈≈≈≈≈≈
..[..w≈≈≈≈≈≈≈≈
.....#.w.≈;≈≈≈≈
......#..##≈≈.≈
..###.# ## .. ..


You could see an electric eel and 2 dart slugs.

Vanquished Creatures
  A sky beast (D:3)
  An ogre (D:4)
  A water moccasin skeleton (D:6)
  A howler monkey (D:5)
  A crimson imp (D:5)
  2 hounds (D:4)
  A bullfrog skeleton (D:5)
  2 orc wizards (D:5)
  3 worker ants
  4 gnolls
  5 adders
  3 oozes
  An adder skeleton (D:4)
  3 worms
  5 dart slugs
  2 leopard geckos
  9 orcs
  2 giant cockroaches (D:4)
  7 hobgoblins
  4 jackals
  6 kobolds
  3 quokkas
  2 ball pythons (D:1)
  11 bats
  2 frilled lizards (D:1)
  2 goblins
  8 rats
92 creatures vanquished.

Vanquished Creatures (collateral kills)
  A centaur (D:5)
  An ogre (D:4)
  An iguana (D:4)
  An adder (D:4)
  A dart slug (D:6)
5 creatures vanquished.

Vanquished Creatures (others)
  A dart slug (D:6)
  A goblin (D:3)
2 creatures vanquished.

Grand Total: 99 creatures vanquished

Notes
Turn   | Place    | Note
-------+----------+-------------------------------------------
     0 | Abyss:1  | goulibeur the Demonspawn Abyssal Knight began the quest for the Orb.
     0 | Abyss:1  | Reached XP level 1. HP: 18/18 MP: 2/2
   140 | Abyss:1  | Noticed a small abomination
   140 | D:1      | Escaped the Abyss
   261 | D:1      | Reached skill level 1 in Dodging
   271 | D:1      | Reached skill level 3 in Invocations
   271 | D:1      | Gained mutation: Your flesh is cold resistant. (rC+) [demonic ancestry]
   271 | D:1      | Reached XP level 2. HP: 16/24 MP: 2/4
   504 | D:1      | Reached * piety under Lugonu
   573 | D:1      | Reached XP level 3. HP: 26/29 MP: 5/5
  1263 | D:2      | Found an iron altar of Okawaru.
  1463 | D:2      | Reached skill level 4 in Invocations
  1463 | D:2      | Gained mutation: You are partially covered in yellow scales. (AC +2) [demonic ancestry]
  1463 | D:2      | Reached XP level 4. HP: 19/35 MP: 5/7
  2213 | D:2      | Found a glowing golden altar of the Shining One.
  2462 | D:3      | Found a faded altar of an unknown god.
  3057 | D:3      | Noticed a sky beast
  3080 | D:3      | Reached XP level 5. HP: 41/41 MP: 8/8
  3109 | D:3      | Killed a sky beast
  3109 | D:3      | Reached skill level 1 in Shields
  3109 | D:3      | Reached skill level 5 in Invocations
  3347 | D:3      | Reached ** piety under Lugonu
  3347 | D:3      | Gained mutation: A weak demonic guardian rushes to your aid. [demonic ancestry]
  3347 | D:3      | Reached XP level 6. HP: 35/48 MP: 9/9
  3672 | D:4      | Found Diceitroto's General Store.
  3726 | D:4      | Bought a potion of curing for 33 gold pieces
  4120 | D:4      | Found a shadowy altar of Dithmenos.
  4201 | D:4      | Reached skill level 6 in Invocations
  4808 | D:5      | Entered Level 5 of the Dungeon
  4978 | D:5      | Reached XP level 7. HP: 48/54 MP: 11/11
  5302 | D:5      | Noticed Sigmund
  5407 | D:6      | Killed from afar by an electric eel

Skill      XL: |  1  2  3  4  5  6  7 |
---------------+----------------------+-----
Dodging        | 1 2 3 |  3.1
Armour         | 2 3 |  3.6
Invocations    | 3 4 5 6 |  6.9
Shields        | 1 2 |  2.5
Fighting       | 4 |  4.6
Short Blades   | |  1.7

Action                   |  1- 3 |  4- 6 |  7- 9 || total
-------------------------+-------+-------+-------++-------
Melee: Short sword       |   133 |   342 |   123 ||   598
Invok: Depart the Abyss  |     1 |       |       ||     1
  Use: Scroll            |     3 |    10 |       ||    13
       Potion            |       |     1 |       ||     1
 Stab: Sleeping          |     1 |       |       ||     1
       Distracted        |       |     1 |       ||     1
  Eat: Chunk             |     2 |    11 |     2 ||    15
Armor: Leather armour    |    44 |       |       ||    44
       Chain mail        |     7 |   225 |    50 ||   282
Dodge: Dodged            |    87 |    69 |    17 ||   173
Block: Buckler           |     7 |   120 |    41 ||   168
       Reflection        |       |     5 |     2 ||     7
